Map: [TLMC19] Insomniac Doze

Players

LiquidClem (Clem) - Winner!

  • Race: Terran Terran
  • League: Grandmaster
  • Spawn Location: 5:00

Spirit (souL)

  • Race: Terran Terran
  • League: Master
  • Spawn Location: 11:00

VOD

Have the link to the VOD?

Description

Time

  • Played on: Dec. 21, 2023, 11:45 a.m.
  • Length: 8:33
Show
View Real Time Build Order
Export as new Build Order

LiquidClem Terran - Winner!

Build Orders: Cyclone Opening 

Get SALT Encoding   

  12  0:01  SCV  
  13  0:13  SCV  
  14  0:17  Supply Depot  
  14  0:25  SCV  
  15  0:38  SCV  
  15  0:40  Barracks  
  16  0:44  Refinery  
  16  0:50  SCV  
  16  0:53  Refinery  
  17  1:03  SCV  
  18  1:15  SCV  
  19  1:27  Orbital Command, Reaper  
  19  1:31  Supply Depot  
  20  1:41  Factory  
  20  1:52  SCV  
  21  1:59  Reaper  
  22  2:04  SCV  
  23  2:15  Command Center  
  23  2:18  SCV  
  24  2:28  Cyclone  
  26  2:30  SCV  
  27  2:39  Starport  
  27  2:43  Supply Depot  
  27  2:44  SCV  
  28  2:49  Barracks Reactor  
  28  2:56  SCV  
  29  3:00  Cyclone  
  31  3:08  SCV  
  32  3:18  Medivac  
  34  3:20  SCV  
  34  3:24  Refinery  
  34  3:26  Orbital Command  
  35  3:32  SCV  
  36  3:39  Barracks Tech Lab  
  36  3:43  Cyclone x2  
  36  3:44  SCV  
  41  3:49  Supply Depot  
  41  3:52  SCV  
  42  3:56  SCV  
  43  4:04  SCV  
  43  4:05  Raven  
  43  4:08  SCV, Interference Matrix  
  47  4:15  Cyclone  
  47  4:16  SCV  
  50  4:19  Supply Depot  
  50  4:20  SCV, Cyclone  
  53  4:28  SCV  
  54  4:31  Barracks Tech Lab, Supply Depot  
  54  4:33  SCV  
  55  4:40  SCV  
  55  4:44  Raven  
  55  4:45  SCV  
  55  4:49  Command Center  
  55  4:52  SCV  
  56  4:53  Cyclone  
  56  4:57  SCV, Cyclone  
  61  5:00  Supply Depot  
  61  5:04  SCV  
  62  5:09  SCV  
  62  5:11  Barracks  
  62  5:12  Stimpack  
  63  5:15  Barracks  
  63  5:16  SCV  
  63  5:20  Marine  
  66  5:21  SCV  
  66  5:24  Supply Depot  
  66  5:28  SCV, Refinery  
  66  5:29  Starport Reactor  
  66  5:33  SCV  
  68  5:38  Engineering Bay x2, Marine  
  68  5:41  SCV  
  70  5:44  Siege Tank  
  70  5:45  SCV  
  74  5:53  SCV  
  74  5:56  Marine  
  76  5:57  SCV  
  76  6:05  SCV  
  76  6:08  Orbital Command, Terran Infantry Armor Level 1, Terran Infantry Weapons Level 1  
  76  6:09  SCV  
  78  6:15  Marine  
  78  6:16  Starport Reactor  
  78  6:17  SCV  
  78  6:18  Marine  
  74  6:21  SCV  
  74  6:22  Siege Tank  
  74  6:23  Marine  
  63  6:25  Marine  
  63  6:29  SCV  
  65  6:33  Marine  
  65  6:34  SCV  
  65  6:35  SCV  
  65  6:36  Marine  
  64  6:41  SCV  
  64  6:42  Marine  
  64  6:45  Marine  
  64  6:46  SCV  
  62  6:49  SCV  
  62  6:53  SCV  
  58  6:55  Marine  
  58  6:58  SCV  
  59  7:01  SCV  
  59  7:03  Combat Shield  
  59  7:05  SCV, Siege Tank  
  59  7:07  Marine  
  65  7:09  Marine  
  65  7:10  Marine  
  65  7:11  SCV  
  65  7:12  Marine  
  65  7:13  Marine  
  71  7:17  Orbital Command, SCV  
  71  7:21  Medivac  
  73  7:24  SCV  
  73  7:25  Marine  
  73  7:27  Marine  
  73  7:29  SCV  
  77  7:31  Marine  
  77  7:32  Medivac  
  77  7:35  Barracks  
  77  7:36  SCV  
  81  7:37  Barracks  
  81  7:40  Missile Turret  
  81  7:42  Missile Turret, SCV  
  82  7:45  Siege Tank  
  82  7:46  SCV  
  82  7:48  Marine, SCV  
  88  7:54  Supply Depot, SCV  
  88  7:55  Armory  
  89  7:58  SCV  
  89  8:00  SCV  
  89  8:01  Marine x3  
  94  8:06  SCV  
  94  8:08  Supply Depot  
  94  8:10  SCV  
  94  8:11  Marine  
  94  8:12  Marine  
  98  8:13  SCV  
  98  8:14  Supply Depot  
  98  8:18  SCV  
  104  8:26  Barracks Reactor x2  
Show
View Real Time Build Order
Export as new Build Order

Spirit Terran 

Build Orders: Cyclone Opening 

Get SALT Encoding   

  12  0:00  SCV  
  13  0:12  SCV  
  14  0:17  Supply Depot  
  14  0:24  SCV  
  15  0:38  SCV  
  15  0:40  Barracks  
  16  0:45  Refinery  
  16  0:50  SCV  
  17  0:57  Refinery  
  17  1:03  SCV  
  18  1:15  SCV  
  19  1:27  Orbital Command, Barracks Reactor  
  19  1:33  Supply Depot  
  19  1:44  Factory  
  19  1:53  SCV  
  20  2:04  Reaper x2  
  20  2:05  SCV  
  23  2:17  SCV  
  24  2:27  Command Center  
  24  2:33  Starport  
  24  2:35  SCV  
  25  2:47  SCV  
  25  2:48  Supply Depot  
  26  2:53  Cyclone  
  28  2:59  SCV, Cyclone  
  31  3:11  SCV  
  32  3:15  Medivac  
  34  3:20  Barracks Tech Lab, Refinery  
  34  3:23  SCV  
  35  3:31  Cyclone  
  37  3:35  SCV  
  37  3:40  Orbital Command  
  38  3:44  Cyclone  
  38  3:47  SCV  
  41  3:57  Supply Depot  
  41  3:59  SCV  
  41  4:00  Raven  
  44  4:05  SCV  
  45  4:12  SCV  
  45  4:13  Supply Depot  
  46  4:17  Cyclone  
  46  4:18  SCV  
  46  4:22  Cyclone  
  46  4:24  SCV  
  52  4:30  SCV  
  52  4:31  Supply Depot  
  53  4:34  Raven  
  53  4:36  SCV  
  56  4:42  SCV  
  55  4:47  Barracks Tech Lab  
  55  4:48  SCV  
  56  4:54  SCV  
  56  4:58  Interference Matrix  
  57  5:00  SCV  
  57  5:05  Cyclone x2  
  57  5:06  SCV  
  63  5:10  Raven  
  63  5:12  SCV  
  66  5:16  Command Center  
  66  5:17  Supply Depot  
  66  5:18  SCV, Refinery  
  67  5:24  SCV  
  67  5:26  Stimpack  
  67  5:27  Marine  
  69  5:30  SCV  
  70  5:36  SCV  
  70  5:41  Supply Depot  
  70  5:42  SCV  
  72  5:43  Barracks, Factory Reactor  
  72  5:46  Barracks  
  72  5:48  SCV  
  73  5:52  Engineering Bay  
  73  5:53  Engineering Bay  
  73  5:54  SCV  
  74  6:00  SCV  
  74  6:04  Marine  
  75  6:06  SCV  
  75  6:10  Barracks x2  
  77  6:13  SCV, Starport Reactor  
  75  6:18  SCV  
  75  6:22  Marine  
  75  6:25  SCV  
  67  6:27  Cyclone  
  67  6:28  SCV, Cyclone  
  66  6:36  Marine x2  
  66  6:37  Marine  
  66  6:39  Marine  
  58  6:48  Orbital Command  
  56  6:54  Marine x3  
  56  6:57  Marine  
  50  7:08  SCV x2  
  51  7:12  Marine  
  53  7:21  SCV  
  53  7:25  SCV  
  53  7:26  SCV  
  55  7:38  Marine x6  
  55  7:40  Siege Tank  
  63  7:44  Medivac  
  63  7:47  Medivac  
  63  7:48  SCV  
  63  7:49  SCV  
  63  7:50  SCV  
  70  7:55  Marine  
  70  7:56  Marine  
  72  8:00  SCV  
  72  8:01  Marine, SCV  
  72  8:02  SCV  
  72  8:03  Marine  
  72  8:04  Marine  
  81  8:13  Marine x3, SCV x2  
Tags
 
Add a new tag
Caveats
  • Supply blocks, unpowered buildings, or Contaminate may cause inaccurate times.
  • Supply counts are checked every 10 seconds.